 Dungeon Crawl Stone Soup version 0.25.1-4-g9407a263a5 (webtiles) character file.

Game seed: 18142145675782610503

106 Gabide the Covered (level 5, 0/41 HPs)
             Began as a Human Fighter on Nov 28, 2020.
             Succumbed to an adder's poison
             ... on level 2 of the Dungeon.
             The game lasted 00:05:38 (1805 turns).

Gabide the Covered (Human Fighter)                  Turns: 1805, Time: 00:05:39

Health: 0/41       AC:  8    Str: 17    XL:     5   Next: 10%
Magic:  5/5        EV:  7    Int:  9    God:
Gold:   51         SH:  9    Dex: 12    Spells: 4/4 levels left

rFire    . . .     SeeInvis .   a - +0 trident
rCold    . . .     Gourm    .   c - +0 kite shield
rNeg     . . .     Faith    .   b - +0 scale mail
rPois    .         Spirit   .   i - +0 helmet (curse)
rElec    .         Reflect  .   (no cloak)
rCorr    .         Harm     .   (no gloves)
MR       .....                  (no boots)
Stlth    ..........             (no amulet)
HPRegen  0.13/turn              (no ring)
MPRegen  0.09/turn              (no ring)

@: lethally poisoned (0 -> -2), hasted, very quick
A: no striking features
a: no special abilities


You were on level 2 of the Dungeon.
You were very hungry.

You visited 1 branch of the dungeon, and saw 3 of its levels.

You collected 51 gold pieces.

Inventory:

Hand Weapons
 a - a +0 trident (weapon)
Missiles
 j - 3 boomerangs (quivered)
Armour
 b - a +0 scale mail (worn)
 c - a +0 kite shield (worn)
 i - a cursed +0 helmet (worn)
Scrolls
 e - 2 scrolls of identify
 k - 2 scrolls of fog
Potions
 h - a potion of flight
Comestibles
 f - 2 rations


   Skills:
 * Level 3.5 Fighting
 * Level 3.2 Polearms
 + Level 3.7 Armour
 + Level 3.5 Shields


You had 4 spell levels left.
You didn't know any spells.
Your spell library was empty.

Dungeon Overview and Level Annotations

Branches:
Dungeon (3/15)

Altars:
Gozag


Message History

The adder is almost dead.
You feel sick. The adder bites you.
* * * LOW HITPOINT WARNING * * *
The rat bites you.
* * * LOW HITPOINT WARNING * * *
The kobold hits you but does no damage.
Unknown command.
Okay, then.
* * * LOW HITPOINT WARNING * * *
You feel sick.
There is a stone staircase leading up here.
You climb upwards.
There is a stone staircase leading down here.
You barely miss the adder.
The adder is almost dead.
You block the adder's attack.
You hit the adder.
You kill the adder!
You have reached level 5!
You die...

.......................#.......##
..........................≈.....#
..........................≈......
..............................[..
.................................
.....................#...........
.....................##..........
....###.###......†..............#
....# #...#.....@.....#..........
...## ###.>..........##..........
...# ####..........#..........
...# ######.......#####..........
...###............###............
...#..............##............#
.........(........#............##
.............................###
.............................#


There were no monsters in sight!

Vanquished Creatures
  3 adders
  An ooze (D:2)
  2 worms
  2 dart slugs (D:1)
  4 leopard geckos
  An orc (D:3)
  3 giant cockroaches
  4 goblins
  8 hobgoblins
  4 jackals (D:2)
  2 quokkas (D:2)
  2 ball pythons (D:2)
  4 bats
  6 frilled lizards
  5 kobolds
  7 rats
58 creatures vanquished.

Notes
Turn   | Place    | Note
-------+----------+-------------------------------------------
     0 | D:1      | Gabide the Human Fighter began the quest for the Orb.
     0 | D:1      | Reached XP level 1. HP: 18/18 MP: 1/1
    97 | D:1      | Reached XP level 2. HP: 24/24 MP: 2/2
   538 | D:1      | Reached XP level 3. HP: 29/29 MP: 3/3
  1163 | D:2      | Reached XP level 4. HP: 35/35 MP: 4/4
  1505 | D:2      | Found an opulent altar of Gozag.
  1797 | D:3      | HP: 1/35 [rat (3)]
  1805 | D:2      | Reached XP level 5. HP: 1/41 MP: 5/5
  1805 | D:2      | Succumbed to an adder's poison

Illustrated notes

Levels and vault maps discovered:
D:1:      dpeg_arrival_tiny_a, layout_loops_cross
D:2:      layout_rooms, chequers_serial_rivers_micro_c, grunt_gozag_breadcrumbs
D:3:      layout_rooms, old_standard_altar, kennysheep_okawaru_gauntlet

Skill      XL: |  1  2  3  4 |
---------------+-------------+-----
Polearms       | 3 |  3.2
Fighting       | |  3.5
Armour         | |  3.7
Shields        | |  3.5

Action                   |  1- 3 |  4- 6 || total
-------------------------+-------+-------++-------
Melee: Trident           |    94 |    91 ||   185
Throw: Boomerang         |       |     5 ||     5
  Use: Scroll            |     2 |     4 ||     6
       Potion            |       |     3 ||     3
  Eat: Chunk             |     1 |     1 ||     2
Armor: Scale mail        |    26 |    49 ||    75
       Skin              |       |    15 ||    15
Dodge: Dodged            |    30 |    24 ||    54
Block: Kite shield       |    42 |    55 ||    97
